 Dungeon Crawl Stone Soup version 0.24-a0-789-g35933f4585 (webtiles) character file.

Game seed: 10229767794222159536, levelgen mode: deterministic

203174 DEFE the Impaler (level 17, -8/140 HPs)
             Began as a Demonspawn Fighter on Oct 1, 2019.
             Was the Champion of Okawaru.
             Killed from afar by a deep elf knight (37 damage)
             ... with a shard of ice
             ... on level 2 of the Vaults on Oct 10, 2019.
             The game lasted 00:51:06 (27994 turns).

DEFE the Impaler (Demonspawn Fighter)              Turns: 27994, Time: 00:51:07

Health: -8/140     AC: 35    Str: 25    XL:     17   Next: 97%
Magic:  26/26      EV: 13    Int: 12    God:    Okawaru [******]
Gold:   2555       SH:  0    Dex: 13    Spells: 16/16 levels left

rFire    + . .     SeeInvis .   a - +12 glaive of Prune {chop}
rCold    + . .     Gourm    .   (shield currently unavailable)
rNeg     . . .     Faith    .   J - +2 scale mail "Minwojes" {MR- Regen+ rCorr Slay+6}
rPois    .         Spirit   .   v - +0 helmet
rElec    .         Reflect  .   g - +1 cloak {MR+}
rCorr    +         Harm     .   L - +2 pair of gloves "Ytiofag" {Slay+2}
MR       +....                  (boots unavailable)
Stlth    +.........             K - amulet of the acrobat
HPRegen  0.73/turn              F - +4 ring of strength
MPRegen  0.20/turn              C - ring of fire

@: heroism
A: talons 3, icy blue scales 3, cold resistance 1, icemail, rot immunity,
freezing cloud immunity
}: 1/15 runes: decaying
a: Heroism, Finesse, Renounce Religion


You were on level 2 of the Vaults.
You worshipped Okawaru.
Okawaru was exalted by your worship.
You were not hungry.

You visited 5 branches of the dungeon, and saw 29 of its levels.
You also visited: Ossuary.

You collected 3755 gold pieces.
You spent 1200 gold pieces at shops.

Inventory:

Hand Weapons
 a - the +12 glaive of Prune (weapon) {chop}
   (You found it on level 4 of the Dungeon)

   It inflicts extra damage upon your enemies.
 b - a +5 bardiche of flaming
 T - a +3 demon trident of freezing
Missiles
 k - 4 curare-tipped darts (quivered)
Armour
 g - a +1 cloak of magic resistance (worn)
 v - a +0 helmet (worn)
 I - the cursed +1 chain mail of the Valley {+Blink Regen+}
   (You found it on level 6 of the Lair of Beasts)

   It lets you blink.
   It increases your rate of regeneration.
   It has a curse placed upon it.
 J - the +2 scale mail "Minwojes" (worn) {MR- Regen+ rCorr Slay+6}
   (You found it on level 10 of the Dungeon)

   It affects your accuracy and damage with ranged weapons and melee attacks
   (+6).
   It affects your resistance to hostile enchantments.
   It increases your rate of regeneration.
   It provides partial protection from all sources of acid and corrosion.
 L - the +2 pair of gloves "Ytiofag" (worn) {Slay+2}
   (Okawaru gifted it to you on level 14 of the Dungeon)

   It affects your accuracy and damage with ranged weapons and melee attacks
   (+2).
 P - a +2 pair of gloves of dexterity
 Z - a +1 chain mail of poison resistance
Jewellery
 c - an uncursed ring of resist corrosion
 p - an uncursed ring of protection from magic
 t - an uncursed ring of see invisible
 u - the ring "Lacimik" {+Blink rC- Str+4 SInv}
   (You found it on level 1 of the Swamp)

   [ring of see invisible]

   It affects your strength (+4).
   It makes you vulnerable to cold.
   It lets you see invisible.
   It lets you blink.
 C - a ring of fire (right hand)
 F - a +4 ring of strength (left hand)
 K - an amulet of the acrobat (around neck)
Wands
 o - a wand of scattershot (10)
 G - a wand of enslavement (29)
 H - a wand of clouds (1)
 M - a wand of paralysis (18)
 Q - a wand of iceblast (6)
 U - a wand of polymorph (13)
 Y - a wand of flame (63)
Scrolls
 i - 5 scrolls of fear
 l - 2 scrolls of identify
 m - 19 scrolls of teleportation
 n - 9 scrolls of remove curse
 s - a scroll of vulnerability
 w - 5 scrolls of enchant armour
 z - 2 scrolls of fog
 E - 4 scrolls of magic mapping
 R - 5 scrolls of blinking
 S - 3 scrolls of immolation
 V - 3 scrolls of amnesia
 W - 2 scrolls of torment
 X - 2 scrolls of brand weapon
Potions
 d - 4 potions of might
 e - 6 potions of flight
 h - 6 potions of lignification
 j - 2 potions of invisibility
 q - 3 potions of curing
 r - 8 potions of heal wounds
 x - 3 potions of brilliance
 A - 2 potions of resistance
 B - 3 potions of cancellation
 D - 5 potions of haste
 N - 2 potions of ambrosia
 O - 2 potions of agility
Comestibles
 f - 44 rations


   Skills:
 + Level 14.9(19.9) Fighting
 - Level 20.0(25.0) Polearms
 + Level 14.2(19.2) Armour
   Level 2.6(7.6) Shields
 - Level 13.0 Invocations


You had 16 spell levels left.
You didn't know any spells.
Your spell library contained the following spells:

 Spells                   Type           Power        Failure   Level  Hunger
 Infusion                 Chrm           #...         50%         1    ##.....
 Shock                    Conj/Air       #...         50%         1    ##.....
 Sting                    Conj/Pois      #...         50%         1    ##.....
 Summon Small Mammal      Summ           #...         50%         1    ##.....
 Call Imp                 Summ           #.......     63%         2    ###....
 Poisonous Vapours        Pois/Air       #.....       63%         2    ###....
 Shroud of Golubria       Chrm/Tloc      #.....       63%         2    ###....
 Song of Slaying          Chrm           #.......     63%         2    ###....
 Call Canine Familiar     Summ           #.......     86%         3    ####...
 Mephitic Cloud           Conj/Pois/Air  #.......     86%         3    ####...
 Regeneration             Chrm/Necr      #.........   86%         3    ####...
 Spectral Weapon          Hex/Chrm       #.......     86%         3    ####...
 Summon Guardian Golem    Hex/Summ       #.......     86%         3    ####...
 Olgreb's Toxic Radiance  Pois           #.......     99%         4    #####..
 Summon Ice Beast         Ice/Summ       #.......     99%         4    #####..
 Summon Lightning Spire   Summ/Air       #.......     99%         4    #####..
 Bolt of Draining         Conj/Necr      #.........   100%        5    ######.
 Borgnjor's Vile Clutch   Necr/Erth      #.........   100%        5    ######.
 Irradiate                Conj/Tmut      #.........   100%        5    ######.
 Silence                  Hex/Air        #.........   100%        5    ######.
 Venom Bolt               Conj/Pois      #.........   100%        5    ######.
 Conjure Ball Lightning   Conj/Air       #.........   100%        6    #######
 Deflect Missiles         Chrm/Air       #.........   100%        6    #######
 Hydra Form               Tmut           #.........   100%        6    #######
 Statue Form              Tmut/Erth      #........    100%        6    #######
 Dragon Form              Tmut           #.........   100%        7    #######
 Haunt                    Necr/Summ      #.........   100%        7    #######
 Borgnjor's Revivificati  Necr           #.........   100%        8    #######
 Death's Door             Chrm/Necr      #.........   100%        8    #######
 Infestation              Necr           #.........   100%        8    #######
 Necromutation            Tmut/Necr      #.........   100%        8    #######
 Tornado                  Air            #.........   100%        9    #######


Dungeon Overview and Level Annotations

Branches:
Dungeon (15/15)            Temple (0/1) D:7            Lair (6/6) D:8
  Swamp (4/4) Lair:2        Snake (0/4) Lair:2        Slime (0/5) Lair:6
    Orc (2/2) D:12            Elf (0/3) Orc:2        Vaults (2/5) D:14
 Depths (0/5) D:15        Ossuary (visited)
  Crypt: Vaults:2-3

Altars:
Dithmenos
Elyvilon
Gozag
Hepliaklqana
Makhleb
Nemelex Xobeh
Okawaru
Sif Muna
Uskayaw
Xom
Yredelemnul

Shops:
D:4 [   D:6 :   D:9 *   D:15 :   Orc:1 :   Orc:2 :!%!   Vaults:1 (*(=(

Portals:
Hell: Lair:6

Annotations:
Lair:3 1 runed translucent door, Yroovet's ghost, journeyman TrFi
Swamp:3 1 runed translucent door, Froggeryz's ghost, adept MiFi
Vaults:1 exclusion: orange crystal statue


Innate Abilities, Weirdness & Mutations

You have claws for feet.
You are completely covered in icy blue scales. (AC +4, rC+)
Your flesh is cold resistant. (rC+)
A meltable icy envelope protects you from harm. (AC +10)
You are immune to rotting.
You are immune to freezing clouds.


Message History

The yaktaur unwields a +0 arbalest.
The yaktaur hits you but does no damage.
You take 7 damage, and have 32/140 hp.
Unknown command.
Unknown command.
You slice the yaktaur!!
You kill the yaktaur!
Okawaru accepts your kill.
The yaktaur hits you but does no damage.
The yaktaur hits you.
* * * LOW HITPOINT WARNING * * *
You take 3 damage, and have 29/140 hp.
Unknown command.
Unknown command.
Attack whom?
Aim: a deep elf knight, wielding a +2 scimitar of holy wrath and wearing a +0 buckler You reach to attack!
You slice the deep elf knight!!
The deep elf knight points at you and mumbles some strange words.
The shard of ice hits you!!! You partially resist.
You die...

......#......#.#
......'......#.#
......########.#########
...†......(.............
..........(.(.((..(.....
..###########(..........
..# #.(......... ..#
#..()....... ..#
#...@c...... ..#
#..c)....... ..#
+...e....... ..#
#...........
#...........
#...........
#...........
#...........


You could see a deep elf knight and 2 yaktaurs.

Vanquished Creatures
  Jorgrun (D:15)
  Rupert (D:15)
  4 thorn hunters
  A deep elf sorcerer (Vaults:1)
  An orc warlord (Orc:2)
  4 vault wardens
  2 ironheart preservers (Vaults:1)
  An entropy weaver (Lair:4)
  Azrael (D:14)
  A dire elephant (Lair:6)
  2 fire dragons
  2 yaktaur captains
  Fannar (Lair:1)
  2 ghost crabs (Swamp:3)
  23 hydras
  2 shambling mangroves (Swamp:4)
  3 vault guards
  2 centaur warriors
  3 ice dragons
  A catoblepas (Lair:6)
  11 alligators
  An ogre mage (Vaults:2)
  6 death yaks
  2 death knights (D:12)
  A queen ant (Lair:4)
  4 tengu warriors (D:14)
  Erica (Lair:1)
  11 two-headed ogres
  6 orc high priests (Orc:2)
  A deep elf knight (Vaults:1)
  A sun demon (Lair:6)
  Urug (Lair:1)
  A shadow wraith (Vaults:2)
  3 skeletal warriors (Vaults:1)
  4 unseen horrors
  An unseen horror (shapeshifter) (Vaults:1)
  5 spriggan druids
  4 wizards
  2 lindwurms (Swamp:4)
  4 deep elf archers (Vaults:1)
  10 swamp dragons
  A harpy (Vaults:2)
  10 orc knights
  4 ironbrand convokers (Vaults:1)
  Pikel (D:7)
  12 ugly things
  9 deep elf magi
  An orc sorcerer (Orc:2)
  A wolf spider (Vaults:1)
  A faun (shapeshifter) (Vaults:1)
  4 manticores
  7 cyclopes
  5 elephants
  Joseph (D:7)
  6 vault sentinels (Vaults:1)
  A black mamba (Lair:5)
  A smoke demon (Lair:6)
  A guardian serpent (shapeshifter) (Vaults:1)
  3 centaur skeletons
  An orange demon (Lair:6)
  A gargoyle (D:14)
  23 spiny frogs
  8 rime drakes
  3 kobold demonologists
  12 yaktaurs
  3 efreet
  9 komodo dragons
  3 ice devils (Lair:6)
  A freezing wraith (D:15)
  A red devil (Lair:6)
  7 trolls
  A wind drake (shapeshifter) (D:14)
  3 tengu conjurers
  19 tyrant leeches
  A wolf spider simulacrum (D:15)
  18 hippogriffs
  12 hornets
  10 bog bodies
  27 slime creatures
  23 blink frogs
  A blink frog (shapeshifter) (Vaults:2)
  A frost giant simulacrum (Vaults:1)
  2 hippogriffs (shapeshifter)
  3 shadows
  41 yaks
  4 wyverns
  15 spriggans
  A vampire (D:15)
  3 fire elementals (D:14)
  2 basilisks
  4 hungry ghosts
  21 vampire mosquitoes
  A human simulacrum (Vaults:1)
  4 nagas (Lair:2)
  13 swamp worms
  3 wargs
  A soldier ant (shapeshifter) (Vaults:1)
  23 insubstantial wisps
  12 soldier ants
  12 water moccasins
  2 acid dragons
  10 hell hounds
  10 porcupines
  2 ice beasts
  9 swamp drakes
  2 sky beasts
  4 black bears
  2 eyes of draining
  33 orc warriors
  2 phantoms
  12 ogres
  3 boggarts (Lair:5)
  15 wolves
  15 crocodiles
  11 centaurs
  An elf zombie (Ossuary)
  6 big kobolds
  17 bullfrogs
  5 scorpions
  An orc simulacrum (Vaults:1)
  13 killer bees
  8 wights
  5 howler monkeys
  6 centaur zombies
  4 crimson imps
  A quasit (D:12)
  2 bullfrog zombies
  2 human zombies (Ossuary)
  19 orc wizards
  A bullfrog skeleton (D:7)
  28 orc priests
  4 hounds
  7 jellies
  6 iguanas
  26 worker ants
  A killer bee zombie (D:8)
  2 big kobold zombies (Ossuary)
  A hound skeleton (D:7)
  3 mummies (Ossuary)
  16 adders
  2 shadow imps
  4 adder zombies
  2 adder skeletons
  2 worms (D:3)
  2 dart slugs
  4 leopard geckos
  94 orcs
  6 bats
  5 giant cockroaches
  8 goblins
  10 hobgoblins
  8 jackals
  3 quokkas
  A ball python (D:3)
  5 frilled lizards
  A giant cockroach zombie (D:5)
  4 goblin zombies (Ossuary)
  3 hobgoblin zombies (Ossuary)
  5 jackal zombies
  25 kobolds
  3 kobold zombies (Ossuary)
  2 orc zombies (Ossuary)
  A quokka skeleton (D:5)
  6 quokka zombies
  11 rats
  5 rat zombies (Ossuary)
  A butterfly (Lair:6)
  A fungus (D:8)
1101 creatures vanquished.

Vanquished Creatures (collateral kills)
  A spriggan (Swamp:3)
1 creature vanquished.

Vanquished Creatures (others)
  A blink frog (Swamp:3)
  A jackal (D:7)
  2 kobolds (D:14)
  7 bushes (Lair:4)
  20 fungi
  2 plants (Lair:3)
33 creatures vanquished.

Grand Total: 1135 creatures vanquished

Notes
Turn   | Place    | Note
-------+----------+-------------------------------------------
     0 | D:1      | DEFE the Demonspawn Fighter began the quest for the Orb.
     0 | D:1      | Reached XP level 1. HP: 18/18 MP: 1/1
     8 | D:1      | Reached skill level 2 in Polearms
    74 | D:1      | Gained mutation: Your flesh is cold resistant. (rC+)
                  | [demonic ancestry]
    74 | D:1      | Reached XP level 2. HP: 22/24 MP: 2/2
   315 | D:1      | Reached skill level 3 in Polearms
   631 | D:2      | Gained mutation: You have sharp toenails. [demonic
                  | ancestry]
   631 | D:2      | Reached XP level 3. HP: 14/29 MP: 3/3
  1192 | D:2      | Found a white marble altar of Elyvilon.
  2004 | D:3      | Reached skill level 4 in Polearms
  2004 | D:3      | Gained mutation: You are immune to freezing clouds.
                  | [demonic ancestry]
  2004 | D:3      | Reached XP level 4. HP: 9/35 MP: 4/4
  3077 | D:4      | Reached XP level 5. HP: 16/41 MP: 5/5
  3105 | D:4      | Reached skill level 5 in Polearms
  3315 | D:4      | Found a sand-covered staircase.
  3323 | Ossuary  | Entered an ossuary
  3544 | Ossuary  | Gained mutation: You are partially covered in icy blue
                  | scales. (AC +2) [demonic ancestry]
  3544 | Ossuary  | Reached XP level 6. HP: 35/47 MP: 6/6
  3555 | Ossuary  | Reached skill level 6 in Polearms
  4070 | D:4      | Noticed a troll
  4081 | D:4      | Killed a troll
  4081 | D:4      | Reached skill level 7 in Polearms
  4081 | D:4      | Reached XP level 7. HP: 13/52 MP: 7/7
  4300 | D:4      | Found Mekh's Armour Shop.
  4302 | D:4      | Bought a +1 buckler of reflection for 162 gold pieces
  4752 | D:4      | Found the +12 glaive of Prune {chop}
  4925 | D:4      | Reached skill level 8 in Polearms
  4976 | D:5      | Entered Level 5 of the Dungeon
  5205 | D:5      | Found a sparkling altar of Nemelex Xobeh.
  5818 | D:5      | Gained mutation: You are mostly covered in icy blue scales.
                  | (AC +3) [demonic ancestry]
  5818 | D:5      | Reached XP level 8. HP: 58/58 MP: 8/8
  5821 | D:5      | Found a shadowy altar of Dithmenos.
  6167 | D:5      | Found an iron altar of Okawaru.
  6172 | D:5      | Reached skill level 9 in Polearms
  6177 | D:5      | Became a worshipper of Warmaster Okawaru
  6533 | D:6      | Reached skill level 1 in Invocations
  6541 | D:6      | Reached skill level 10 in Polearms
  6675 | D:6      | Reached * piety under Okawaru
  6856 | D:6      | Found Qizxoxkae's Book Emporium.
  6900 | D:6      | Found a hazy altar of Hepliaklqana.
  6900 | D:6      | Found an opulent altar of Gozag.
  6900 | D:6      | You fall into a shaft and drop 1 floor!
  6916 | D:7      | Gained mutation: You have razor-sharp toenails. [demonic
                  | ancestry]
  6916 | D:7      | Reached XP level 9. HP: 63/63 MP: 12/12
  6960 | D:7      | Reached skill level 5 in Invocations
  7058 | D:7      | Found a shimmering altar of Xom.
  7061 | D:7      | Found a shimmering blue altar of Sif Muna.
  7064 | D:7      | Found a basalt altar of Yredelemnul.
  7067 | D:7      | Found a hide-covered altar of Uskayaw.
  7133 | D:7      | Noticed Pikel
  7141 | D:7      | Noticed Joseph
  7151 | D:7      | Killed Joseph
  7151 | D:7      | Reached ** piety under Okawaru
  7154 | D:7      | Killed Pikel
  7154 | D:7      | Reached skill level 11 in Polearms
  7193 | D:7      | Found a staircase to the Ecumenical Temple.
  7505 | D:7      | Reached *** piety under Okawaru
  7646 | D:8      | Gained mutation: A meltable icy envelope protects you from
                  | harm. (AC +10) [demonic ancestry]
  7646 | D:8      | Reached XP level 10. HP: 20/70 MP: 16/16
  7738 | D:8      | Reached **** piety under Okawaru
  7738 | D:8      | Reached skill level 12 in Polearms
  7840 | D:8      | Found a staircase to the Lair.
  7885 | D:8      | DEFE: ??glaive of prune
  7885 | D:8      | beem: glaive of prune[1/4]: +12 vorpal purple glaive.
                  | Unfortunately will *not* turn you into a prune, even if you
                  | are a scummy.
  8423 | D:8      | Found an iron altar of Okawaru.
  9053 | D:9      | Reached skill level 5 in Fighting
  9143 | D:9      | Found Gooclaot's General Store.
  9156 | D:9      | Bought a potion of curing for 36 gold pieces
  9281 | D:10     | Entered Level 10 of the Dungeon
  9384 | D:10     | Got a transparent scale mail
  9395 | D:10     | Identified the +2 scale mail "Minwojes" {MR- Regen+ rCorr
                  | Slay+6} (You found it on level 10 of the Dungeon)
  9511 | D:10     | Noticed a two-headed ogre
  9515 | D:10     | Killed a two-headed ogre
  9515 | D:10     | Reached ***** piety under Okawaru
  9560 | D:10     | Reached skill level 13 in Polearms
  9678 | D:10     | Reached XP level 11. HP: 83/83 MP: 17/17
  9804 | D:11     | Reached ****** piety under Okawaru
 10060 | D:11     | Received a gift from Okawaru
 10705 | Lair:1   | Entered Level 1 of the Lair of Beasts
 10788 | Lair:1   | Received a gift from Okawaru
 10880 | Lair:1   | Noticed Fannar
 10890 | Lair:1   | Killed Fannar
 10901 | Lair:1   | Reached skill level 14 in Polearms
 11005 | Lair:1   | Noticed Urug
 11013 | Lair:1   | Killed Urug
 11188 | Lair:1   | Reached XP level 12. HP: 70/97 MP: 15/18
 11192 | Lair:1   | Reached skill level 10 in Fighting
 11197 | Lair:1   | Received a gift from Okawaru
 11333 | Lair:1   | Noticed Erica
 11336 | Lair:1   | Killed Erica
 11759 | Lair:2   | Found a staircase to the Swamp.
 11811 | Lair:2   | Reached skill level 15 in Polearms
 11824 | Lair:2   | Found a staircase to the Snake Pit.
 11846 | Lair:2   | Noticed a six-headed hydra
 11849 | Lair:2   | Killed an eight-headed hydra
 12367 | Lair:3   | Reached skill level 16 in Polearms
 12425 | Lair:3   | Received a gift from Okawaru
 12434 | Lair:3   | Noticed an ice dragon
 12440 | Lair:3   | Killed an ice dragon
 12590 | Lair:3   | Noticed an eight-headed hydra
 12595 | Lair:3   | Killed an 11-headed hydra
 12595 | Lair:3   | Gained mutation: You are completely covered in icy blue
                  | scales. (AC +4, rC+) [demonic ancestry]
 12595 | Lair:3   | Reached XP level 13. HP: 88/103 MP: 19/19
 12627 | Lair:3   | Found a runed translucent door.
 12823 | Lair:3   | Identified the +11 trident of Fate {vamp, Str+2}
 12823 | Lair:3   | Noticed Yroovet's ghost (journeyman TrFi)
 12991 | Lair:4   | Received a gift from Okawaru
 13084 | Lair:4   | Reached skill level 17 in Polearms
 13649 | Lair:4   | Received a gift from Okawaru
 13673 | Lair:4   | Noticed an entropy weaver
 13685 | Lair:4   | Killed an entropy weaver
 13695 | Lair:4   | Reached skill level 18 in Polearms
 14569 | Lair:5   | Received a gift from Okawaru
 14682 | Lair:5   | Reached skill level 5 in Armour
 14682 | Lair:5   | Gained mutation: You are immune to rotting. [demonic
                  | ancestry]
 14682 | Lair:5   | Reached XP level 14. HP: 110/110 MP: 17/20
 14896 | Lair:6   | Entered Level 6 of the Lair of Beasts
 14964 | Lair:6   | Found a staircase to the Slime Pits.
 15260 | Lair:6   | Found a burning altar of Makhleb.
 15273 | Lair:6   | Received a gift from Okawaru
 15320 | Lair:6   | Found a gateway to Hell.
 15390 | Lair:6   | Got a scorched chain mail
 15946 | D:12     | Identified the cursed +1 chain mail of the Valley {+Blink
                  | Regen+} (You found it on level 6 of the Lair of Beasts)
 16094 | D:12     | Reached skill level 19 in Polearms
 16344 | D:12     | Found a staircase to the Orcish Mines.
 16655 | D:12     | Identified the +9 scimitar "Caseopel" {slice, rF+ Str+3}
 16695 | D:12     | Identified the Compendium of Unholy Weightlessness
 16929 | Orc:1    | Entered Level 1 of the Orcish Mines
 16929 | Orc:1    | Found Ufoz's Book Shop.
 17287 | Orc:2    | Entered Level 2 of the Orcish Mines
 17475 | Orc:2    | Noticed an orc warlord
 17488 | Orc:2    | Killed an orc warlord
 17495 | Orc:2    | Gained mutation: You have claws for feet. [demonic
                  | ancestry]
 17495 | Orc:2    | Reached XP level 15. HP: 85/115 MP: 19/21
 17591 | Orc:2    | Received a gift from Okawaru
 18063 | Orc:2    | Found Ygrax's Food Shop.
 18066 | Orc:2    | Found Nacsuet's Distillery.
 18067 | Orc:2    | Found Udilo's Distillery.
 18068 | Orc:2    | Found Gabek's Book Shop.
 18079 | Orc:2    | Bought a potion of resistance for 140 gold pieces
 18079 | Orc:2    | Bought a potion of cancellation for 112 gold pieces
 18079 | Orc:2    | Bought a potion of heal wounds for 70 gold pieces
 18079 | Orc:2    | Bought a potion of invisibility for 112 gold pieces
 18080 | Orc:2    | Bought a potion of heal wounds for 65 gold pieces
 18080 | Orc:2    | Bought a potion of heal wounds for 65 gold pieces
 18080 | Orc:2    | Bought a potion of might for 52 gold pieces
 18140 | Orc:2    | Found a staircase to the Elven Halls.
 18602 | D:13     | Reached skill level 10 in Armour
 19289 | D:14     | Received a gift from Okawaru
 19293 | D:14     | Got a pair of ichor-stained gloves {god gift}
 19304 | D:14     | Identified the +2 pair of gloves "Ytiofag" {Slay+2}
                  | (Okawaru gifted it to you on level 14 of the Dungeon)
 19398 | D:14     | Found a gate to the Vaults.
 19499 | D:14     | Reached skill level 20 in Polearms
 19622 | D:14     | Noticed Azrael
 19642 | D:14     | HP: 4/115 [deep elf mage/bolt of fire (11)]
 20131 | D:14     | Killed Azrael
 20131 | D:14     | Reached skill level 10 in Invocations
 20178 | D:15     | Entered Level 15 of the Dungeon
 20334 | D:15     | Found a shimmering altar of Xom.
 20641 | D:15     | Found Dasiozit's Book Shoppe.
 20945 | D:15     | Noticed Rupert
 20945 | D:15     | Paralysed by Rupert for 4 turns
 20951 | D:15     | Paralysed by Rupert for 7 turns
 20963 | D:15     | Killed Rupert
 20983 | D:15     | Noticed Jorgrun
 20993 | D:15     | Killed Jorgrun
 20993 | D:15     | Received a gift from Okawaru
 21018 | D:15     | Found a staircase to the Depths.
 21093 | D:15     | Upgraded the game from 0.24-a0-725-gf1a930fc54 to
                  | 0.24-a0-789-g35933f4585
 21477 | Swamp:1  | Entered Level 1 of the Swamp
 21495 | Swamp:1  | Reached XP level 16. HP: 122/122 MP: 25/25
 21549 | Swamp:1  | Received a gift from Okawaru
 21972 | Swamp:1  | Got a steaming tin ring
 21973 | Swamp:1  | Identified the ring "Lacimik" {+Blink rC- Str+4 SInv} (You
                  | found it on level 1 of the Swamp)
 22607 | Swamp:2  | Noticed a thorn hunter
 22620 | Swamp:2  | Killed a thorn hunter
 22632 | Swamp:2  | Received a gift from Okawaru
 22939 | Swamp:3  | Found a runed translucent door.
 23539 | Swamp:3  | Noticed Froggeryz's ghost (adept MiFi)
 23838 | Swamp:4  | Entered Level 4 of the Swamp
 23956 | Swamp:4  | Noticed a thorn hunter
 23971 | Swamp:4  | Killed a thorn hunter
 23972 | Swamp:4  | Noticed a thorn hunter
 23982 | Swamp:4  | Killed a thorn hunter
 24286 | Swamp:4  | Noticed a thorn hunter
 24300 | Swamp:4  | Killed a thorn hunter
 24556 | Swamp:4  | Received a gift from Okawaru
 25001 | Swamp:4  | Reached XP level 17. HP: 128/135 MP: 26/26
 25378 | Swamp:4  | Got a decaying rune of Zot
 26025 | Vaults:1 | Entered Level 1 of the Vaults
 26074 | Vaults:1 | Found Heupt's Antique Weapon Boutique.
 26424 | Vaults:1 | Found Sohes's Jewellery Boutique.
 26459 | Vaults:1 | Bought an uncursed ring of protection from magic for 350
                  | gold pieces
 26488 | Vaults:1 | Received a gift from Okawaru
 26931 | Vaults:1 | Found Segonk's Antique Weapon Boutique.
 27045 | Vaults:1 | Received a gift from Okawaru
 27145 | Vaults:1 | Found Jinukh's Assorted Antiques.
 27152 | Vaults:1 | Bought a fizzy dark potion for 36 gold pieces
 27296 | Vaults:1 | Found Fitruemp's Antique Weapon Emporium.
 27994 | Vaults:2 | Killed from afar by a deep elf knight

Levels and vault maps discovered:
D:1:      dpeg_arrival_arbitrary_b, layout_basic, st_stairs_3,
          serial_park_tiny_2, minmay_heptomino_l4
D:2:      layout_loops_corners, elyvilon_altar_3, first_ration
D:3:      layout_basic, kennysheep_generic_room_5
D:4:      layout_basic, nicolae_ossuary_entry_plus, serial_shops, shop
D:5:      layout_layer_cave, nicolae_overflow_crystal_walls,
          kennysheep_mini_moat, kennysheep_okawaru_gauntlet
D:6:      layout_rooms, amethyst_overflow_temple_binary, serial_shops,
          nicolae_shop_temple_entry_statues_fountains
D:7:      hangedman_cross_stitches, layout_gridville,
          grunt_temple_overflow_cloverleaf, temple_green, uniq_pikel,
          uniq_joseph
D:8:      layout_cave_pools, lemuel_coloured_pillars_altar,
          due_lair_maze_entry_diamond
D:9:      layout_cave_pools, serial_shops, nicolae_shop_crystal
D:10:     layout_basic
D:11:     layout_basic
D:12:     minmay_the_grid_triangle_9x9_line_8_mashed
          [minmay_the_grid_triangle_9x9_dagger,
          minmay_the_grid_triangle_9x9_sprig,
          minmay_the_grid_triangle_9x9_thin_v,
          minmay_the_grid_triangle_9x9_zippers_vertical,
          minmay_the_grid_triangle_9x9_intruding_spiral,
          minmay_the_grid_triangle_9x9_odd_lines,
          minmay_the_grid_triangle_9x9_flanged_cone,
          minmay_the_grid_triangle_9x9_prize_center], layout_grid_maze,
          david_orc_3
D:13:     layout_stronghold, hangedman_pestilent_swarm,
          kennysheep_generic_room_12
D:14:     layout_loops_cross, david_vaults_5, hangedman_decor_opposing,
          uniq_azrael
D:15:     grunt_enter_depths_hoard, layout_cave_pods, skrybe_limestone_x,
          serial_shops, shop, tgw_xom, uniq_jorgrun, uniq_rupert
Lair:1:   layout_chaotic_city, pond, uniq_fannar, uniq_urug, uniq_erica
Lair:2:   layout_long_grid, minmay_swamp_entry_reptiles,
          minmay_snake_entry_guardpost_small
Lair:3:   dragon1_lemuel, layout_hall_layers, ebering_ghost_funeral_grove,
          lemuel_fruit_tree
Lair:4:   layout_regular_city, minmay_hedge_maze, minmay_another_anthill
Lair:5:   kb_forest_paths, layout_regular_city, minmay_lair_drake_nest,
          infiniplex_staircase_pool
Lair:6:   evil_forest, layout_regular_city, minmay_slime_entry_pillars,
          infiniplex_staircase_pool_2, lemuel_fruit_fields
Swamp:1:  layout_falls_marsh, nicolae_swamp_trees_clearing
Swamp:2:  layout_falls_marsh, evilmike_swamp_ruin_wall
Swamp:3:  layout_basic_swamp, ebering_ghost_reflecting_pool,
          evilmike_swamp_ruin_house_3
Swamp:4:  swamp_alternative, layout_basic_swamp
Orc:1:    layout_diamond_mine, serial_shops, shop
Orc:2:    st_orc_pillars, layout_caves, nicolae_orc_rockfall
Vaults:1: nicolae_vaults_theta, ontoclasm_vaults_fault, vaults_room_large_hall,
          nicolae_vaults_network_quincunx
          [nicolae_vaults_network_quincunx_subvault,
          nicolae_vaults_network_quincunx_subvault,
          nicolae_vaults_network_quincunx_subvault,
          nicolae_vaults_network_quincunx_subvault,
          nicolae_vaults_network_quincunx_subvault], v_rooms_5,
          nicolae_vaults_statue_guard, nicolae_vaults_little_squares_4,
          nicolae_vaults_shelves_hall, dpeg_vaults_monster_box, v_misc_26,
          layout_vaults_omnicross, serial_shops, nicolae_shop_stone,
          shop_statue, shop, shop, nicolae_shop_crystal
Vaults:2: gammafunk_vaults_ghost_fury_of_okawaru,
          ontoclasm_vaults_loading_screen, hangedman_vaults_corner_blocks,
          vaults_room_hangedman_quadrants, v_pattern_3, vaults_room_pool,
          nicolae_vaults_twisting_passages, layout_vaults_chaotic_city

Skill      XL: |  1  2  3  4  5  6  7  8  9 10 11 12 13 14 15 16 17 |
---------------+----------------------------------------------------+-----
Polearms       | 2 3 4 5 7 8 10 11 13 14 16 18 19 20 | 20.0
Invocations    | 4 8 13 | 13.0
Fighting       | 6 9 10 12 14 | 14.9
Armour         | 5 9 10 12 14 | 14.2
Shields        | |  2.6

Action                   |  1- 3 |  4- 6 |  7- 9 | 10-12 | 13-15 | 16-18 || total
-------------------------+-------+-------+-------+-------+-------+-------++-------
Melee: Trident           |   135 |   271 |    14 |       |       |       ||   420
       Kick              |     7 |    83 |    33 |    92 |   200 |   160 ||   575
       Glaive            |       |       |   171 |   414 |   947 |   657 ||  2189
       Demon trident     |       |       |       |       |     9 |       ||     9
       Bardiche          |       |       |       |       |       |    27 ||    27
Throw: Dart              |       |     2 |       |     4 |     4 |       ||    10
Invok: Heroism           |       |       |     1 |     4 |    24 |    18 ||    47
       Finesse           |       |       |       |       |     1 |     1 ||     2
Evoke: Wand              |       |       |       |       |       |     4 ||     4
  Use: Potion            |       |     1 |     1 |       |     2 |     3 ||     7
       Scroll            |       |     7 |     5 |     1 |    21 |     8 ||    42
 Stab: Distracted        |       |       |       |       |       |     1 ||     1
  Eat: Chunk             |     3 |     4 |     8 |    13 |    24 |     7 ||    59
       Ration            |       |     1 |     1 |     1 |     2 |     4 ||     9
Armor: Scale mail        |    37 |       |       |   179 |   340 |   291 ||   847
       Chain mail        |    19 |   150 |   158 |    56 |       |       ||   383
Dodge: Dodged            |    17 |    30 |    89 |   194 |   295 |   238 ||   863
Block: Shield            |    46 |    85 |     2 |       |       |       ||   133
       Buckler           |       |       |     1 |       |       |       ||     1

Table legend:
 A = Non-vault XP
 B = Vault XP
 C = Vault XP percentage of total XP
 D = Non-vault monster count
 E = Vault monster count
 F = Vault count percentage of total count
                 A         B        C        D         E       F
            +---------+---------+-------+---------+---------+-------
      Total |  186868 |  101068 |  35.1 |     759 |     342 |  31.1
            +---------+---------+-------+---------+---------+-------
        D:1 |      29 |       8 |  21.6 |      15 |       4 |  21.1
        D:2 |      35 |       0 |   0.0 |      14 |       0 |   0.0
        D:3 |     111 |       8 |   6.7 |      21 |       3 |  12.5
        D:4 |     518 |       0 |   0.0 |       9 |       0 |   0.0
        D:5 |     416 |       4 |   1.0 |      13 |       2 |  13.3
        D:6 |    1014 |       0 |   0.0 |      24 |       0 |   0.0
        D:7 |     869 |    1259 |  59.2 |      14 |      10 |  41.7
        D:8 |    1112 |    1429 |  56.2 |      29 |      11 |  27.5
        D:9 |     792 |       0 |   0.0 |      16 |       0 |   0.0
       D:10 |    3938 |       0 |   0.0 |      25 |       0 |   0.0
       D:11 |    3423 |       0 |   0.0 |      31 |       0 |   0.0
       D:12 |    4817 |    8107 |  62.7 |      27 |      27 |  50.0
       D:13 |    3906 |     623 |  13.8 |      28 |       4 |  12.5
       D:14 |    8956 |    4781 |  34.8 |      23 |      13 |  36.1
       D:15 |    9356 |    9288 |  49.8 |      35 |      12 |  25.5
     Lair:1 |    4323 |    4213 |  49.4 |      22 |      12 |  35.3
     Lair:2 |    5565 |    1243 |  18.3 |      25 |       8 |  24.2
     Lair:3 |    6964 |     926 |  11.7 |      24 |       1 |   4.0
     Lair:4 |   11797 |    4298 |  26.7 |      28 |      28 |  50.0
     Lair:5 |    5169 |    7638 |  59.6 |      22 |      28 |  56.0
     Lair:6 |    4924 |   11454 |  69.9 |      21 |      30 |  58.8
    Swamp:1 |   15781 |       0 |   0.0 |      48 |       0 |   0.0
    Swamp:2 |   10769 |       0 |   0.0 |      30 |       0 |   0.0
    Swamp:3 |   11684 |       0 |   0.0 |      31 |       0 |   0.0
    Swamp:4 |   17970 |   16757 |  48.3 |      33 |      24 |  42.1
      Orc:1 |    2276 |       0 |   0.0 |      25 |       0 |   0.0
      Orc:2 |    6164 |   10514 |  63.0 |      51 |      54 |  51.4
   Vaults:1 |   35182 |   13437 |  27.6 |      58 |      24 |  29.3
   Vaults:2 |    9008 |    4647 |  34.0 |      17 |       9 |  34.6
    Ossuary |       0 |     434 | 100.0 |       0 |      38 | 100.0
            +---------+---------+-------+---------+---------+-------
